 Dungeon Crawl Stone Soup version 0.24.1-11-gbbbb2193e6 (console) character file.

Game seed: 12042457936276121749, levelgen mode: deterministic

569211 Rpm the Invulnerable (level 25, -3/385 HPs)
             Began as a Minotaur Berserker on May 10, 2020.
             Was an Elder of Trog.
             Killed by divine providence
             ... invoked by a black draconian stormcaller
              (14 damage)
             ... on level 3 of the Realm of Zot on May 13, 2020.
             The game lasted 11:23:26 (62483 turns).

Rpm the Invulnerable (Minotaur Berserker)          Turns: 62483, Time: 11:23:27

Health: -3/385     AC: 36    Str: 35    XL:     25   Next: 58%
Magic:  22/22      EV: 22    Int:  6    God:    Trog [****..]
Gold:   3238       SH: 23    Dex: 14    Spells: 24/24 levels left

rFire    + . .     SeeInvis .   y - +9 broad axe (drain)
rCold    + . .     Gourm    .   C - +5 shield {reflect}
rNeg     . . .     Faith    .   t - +15 Maxwell's patent armour {-Cast -Tele rElec MR+ rCorr}
rPois    .         Spirit   .   b - +1 hat of Defiance {rC+ MR++}
rElec    +         Reflect  +   K - scarf {repulsion}
rCorr    +         Harm     .   Z - +2 pair of gloves of Hedging {Int+4}
MR       ++++.     NoTele   +   z - +2 pair of boots {run} Stlth ..........NoCast +
                                f - amulet of regeneration
HPRegen  1.14/turn              i - +4 ring of evasion
MPRegen  0.18/turn              Y - ring of protection from fire

@: berserking, corroded, heavily drained, repel missiles, very quick
A: retaliatory headbutt, claws 1, horns 2, deformed body, dopey 1, screaming 1
}: 3/15 runes: serpentine, barnacled, silver
a: Berserk, Trog's Hand, Brothers in Arms, Renounce Religion


You were on level 3 of the Realm of Zot.
You worshipped Trog.
Trog was greatly pleased with you.
You were very hungry.

You visited 8 branches of the dungeon, and saw 44 of its levels.
You also visited: Sewer, Ossuary, Bailey and Gauntlet.

You collected 6441 gold pieces.
You spent 3203 gold pieces at shops.

Inventory:

Hand Weapons
 e - the +4 battleaxe "Goblinslayer" {drain, rElec Str+2}
   (You acquired it on level 2 of the Orcish Mines)

   A truly terrible weapon, it drains the life of those it strikes.
   It affects your strength (+2).
   It insulates you from electricity.
 k - a +3 battleaxe of flaming
 l - a +8 antimagic executioner's axe
 y - a +9 broad axe of draining (weapon)
 S - a +3 broad axe of distortion
Armour
 b - the +1 hat of Defiance (worn) {rC+ MR++}
   (You acquired it on level 6 of the Lair of Beasts)

   It protects you from cold.
   It affects your resistance to hostile enchantments.
 o - +0 shadow dragon scales
 r - a +2 plate armour of magic resistance
 t - the +15 Maxwell's patent armour (worn) {-Cast -Tele rElec MR+ rCorr}
   (You acquired it on level 15 of the Dungeon)

   It insulates you from electricity.
   It affects your resistance to hostile enchantments.
   It prevents spellcasting.
   It prevents most forms of teleportation.
   It provides partial protection from all sources of acid and corrosion.
 z - a +2 pair of boots of running (worn)
 C - a +5 shield of reflection (worn)
 K - a scarf of repulsion (worn)
 L - the +1 pair of boots of the Original Sin {rPois rN+}
   (You found it on level 1 of the Depths)

   It protects you from poison.
   It protects you from negative energy.
 T - a +4 plate armour of fire resistance
 Z - the +2 pair of gloves of Hedging (worn) {Int+4}
   (You took it off Nikola on level 4 of the Shoals)

   It affects your intelligence (+4).
Jewellery
 f - an amulet of regeneration (around neck)
 i - a +4 ring of evasion (left hand)
 v - a +6 ring of protection
 w - an uncursed ring of protection from cold
 B - a +6 ring of dexterity
 H - an uncursed ring of poison resistance
 M - an uncursed ring of see invisible
 R - the ring "Dekypyck" {rElec rN+ Int+3}
   (You found it on level 1 of the Vaults)

   [ring of intelligence]

   It affects your intelligence (+3).
   It insulates you from electricity.
   It protects you from negative energy.
 X - an uncursed ring of magical power
 Y - a ring of protection from fire (right hand)
Wands
 m - a wand of disintegration (14)
 J - a wand of scattershot (6)
 O - a wand of iceblast (42)
 Q - a wand of acid (7)
 U - a wand of digging (6)
Scrolls
 g - 38 scrolls of remove curse
 n - 4 scrolls of magic mapping
 s - 14 scrolls of teleportation
 D - a scroll of summoning
 F - 9 scrolls of blinking
 G - a scroll of enchant armour
 N - 2 scrolls of identify
 P - 7 scrolls of holy word
Potions
 a - 4 potions of ambrosia
 h - 6 potions of resistance
 j - 10 potions of haste
 p - 4 potions of agility
 q - 3 potions of might
 u - 9 potions of flight
 A - 2 potions of cancellation
 E - 4 potions of curing
 V - a potion of invisibility
Miscellaneous
 d - 2 phantom mirrors
 I - a box of beasts
 W - 2 sacks of spiders
Comestibles
 c - 31 rations
 x - 3 chunks of flesh


   Skills:
 O Level 27(24.9) Fighting
 - Level 19.5(17.8) Axes
 O Level 27(24.9) Armour
 - Level 16.0(14.3) Dodging
 + Level 24.2(22.3) Shields


You had 24 spell levels left.
You didn't know any spells.
Your spell library was empty.

Dungeon Overview and Level Annotations

Branches:
Dungeon (15/15)            Temple (0/1) D:7            Lair (6/6) D:9
 Shoals (4/4) Lair:4        Snake (4/4) Lair:4        Slime (0/5) Lair:5
    Orc (2/2) D:9             Elf (0/3) Orc:2        Vaults (5/5) D:14
  Crypt (0/3) Vaults:2     Depths (5/5) D:15            Zot (3/5) Depths:5
  Sewer (visited)         Ossuary (visited)          Bailey (visited)
Gauntlet (visited)

Altars:
Dithmenos
Gozag
Kikubaaqudgha
Makhleb
Nemelex Xobeh
Okawaru
Ru
Sif Muna
Trog
Vehumet
Wu Jian
Xom
Yredelemnul
Beogh
Jiyva

Shops:
D:5 *?!   D:7 (   Orc:2 *!:*   Shoals:3 *   Snake:1 =}}   Vaults:1 }*

Portals:
Hell: Depths:1 Depths:2 Depths:3 Depths:4 Depths:5
Abyss: Depths:2 Depths:3
Pandemonium: Depths:1 Depths:3
Ziggurat: Depths:1

Annotations:
Depths:4 1 runed translucent door, Atelerd's ghost, veteran OpWz


Innate Abilities, Weirdness & Mutations

You reflexively headbutt those who attack you in melee.
You have a pair of horns on your head.
You have sharp fingernails.
Armour fits poorly on your strangely shaped body.
You are dopey. (Int -2)
You occasionally shout uncontrollably at your foes.


Message History

The green draconian monk poisons your two-headed ogre!
The red draconian shifter hits your two-headed ogre with a +0 whip.
You slice the black draconian stormcaller!!
You drain the black draconian stormcaller!
The black draconian stormcaller is severely wounded.
You slice something!! Trog accepts your kill.
Trog appreciates your killing of a magic user.
Reactivating autopickup.
You feel a bit more experienced.
Your two-headed ogre hits the green draconian monk with a +0 giant club!!
Your two-headed ogre completely misses the green draconian monk.
The yellow draconian throws acid at you.
The glob of acid hits you. You resist.
* * * LOW HITPOINT WARNING * * *
The acid corrodes you!
You are splashed with acid.
You resist.
* * * LOW HITPOINT WARNING * * *
The black draconian stormcaller invokes the aid of Qazlal against you.
Qazlal smites you!
You die...

#########
#.......#
#.).....+
#@......#
#qOd....#
#q.q....#
#..q....#
#.......#
#.q.....#
#.......#
#.......#
#.......#


You could see a green draconian monk, a yellow draconian, a red draconian
shifter, 2 draconians, a yellow draconian annihilator and a friendly two-headed
ogre (berserk).

Vanquished Creatures
  2 orbs of fire (Zot:1)
  3 ancient liches
  Frederick (Depths:4)
  Margery (Depths:4)
  Vashnia (Snake:2)
  4 caustic shrikes (Depths:3)
  6 golden dragons
  Jory (Depths:5)
  6 tentacled monstrosities
  Rupert (D:13)
  6 titans
  An eldritch tentacle (Depths:1)
  2 liches
  3 sphinxes
  A death cob (Zot:2)
  8 shadow dragons
  Kirke (D:12)
  6 draconian monks (Depths:5)
  9 storm dragons
  Donald (Snake:1)
  4 nagarajas
  A deep elf sorcerer (Vaults:5)
  7 tengu reavers
  An iron dragon (Depths:5)
  A draconian stormcaller (Depths:5)
  10 fire giants
  11 frost giants
  21 vault wardens
  A draconian knight (Zot:3)
  34 very ugly things
  6 spriggan defenders
  18 ironheart preservers
  A draconian annihilator (Depths:5)
  27 stone giants
  3 war gargoyles (Vaults:5)
  2 deep elf demonologists (Vaults:4)
  5 vampire knights
  A green draconian (Depths:5)
  2 entropy weavers
  Azrael (D:15)
  5 black draconians (Depths:5)
  A minotaur (Gauntlet)
  3 purple draconians (Depths:5)
  5 spark wasps
  A deep elf annihilator (Vaults:5)
  3 red draconians (Depths:5)
  4 merfolk javelineers
  2 white draconians (Depths:5)
  An eidolon (Vaults:2)
  3 deep elf death magi
  14 ettins
  A crystal guardian (D:15)
  16 fire dragons
  11 yaktaur captains
  4 merfolk impalers
  Josephine (D:15)
  2 jiangshi (Vaults:2)
  4 deep elf high priests
  36 vault guards
  4 great orbs of eyes
  6 rakshasas
  9 ice dragons
  5 hydras
  5 spriggan air magi
  8 anacondas
  18 naga warriors
  11 merfolk aquamancers
  3 merfolk avatars
  13 deep troll shamans
  14 centaur warriors
  5 dancing weapons (D:14)
  3 catoblepae (Lair:6)
  8 death yaks (Lair:6)
  3 death knights
  33 two-headed ogres
  7 orc high priests
  4 tengu warriors
  2 vampire magi
  14 ogre magi
  3 spriggan berserkers (Depths:3)
  10 deep troll earth magi
  3 satyrs
  2 shock serpents (shapeshifter) (Depths:3)
  12 naga sharpshooters
  9 shock serpents
  5 skeletal warriors
  16 hell knights
  A titan skeleton (Depths:2)
  5 salamander mystics
  A sea snake (shapeshifter) (Vaults:4)
  A fire crab (shapeshifter) (Vaults:4)
  2 deep elf knights
  A death drake (shapeshifter) (Depths:2)
  37 deep trolls
  2 iron trolls (Depths:5)
  5 unseen horrors
  2 fire crabs
  11 sea snakes
  4 flayed ghosts
  2 shadow wraiths
  4 wizards
  3 death drakes (Depths:5)
  A glowing orange brain (Depths:2)
  29 orc knights
  A shadow dragon zombie (Depths:3)
  2 golden dragon skeletons
  7 necromancers
  17 ironbrand convokers
  5 lindwurms (Depths:5)
  6 naga ritualists
  5 phantasmal warriors
  5 deep elf archers
  27 harpies
  A wolf spider zombie (D:15)
  24 ugly things
  10 mana vipers
  3 orc sorcerers
  15 deep elf magi
  A frost giant zombie (Depths:3)
  2 wolf spiders
  11 manticores
  A faun (shapeshifter) (Vaults:5)
  16 salamanders
  6 cyclopes
  A cyclops (shapeshifter) (Vaults:4)
  A salamander (shapeshifter) (Vaults:1)
  20 fauns
  11 vault sentinels
  A fire giant zombie (Depths:2)
  11 merfolk sirens
  5 centaur zombies
  A fire giant skeleton (Vaults:4)
  8 moths of wrath
  A worldbinder (Gauntlet)
  20 elephants
  4 water nymphs
  An eye of devastation (shapeshifter) (Vaults:5)
  A guardian serpent (shapeshifter) (Vaults:3)
  5 guardian serpents
  A rust devil (Depths:2)
  A torpor snail (shapeshifter) (Vaults:5)
  28 black mambas
  2 molten gargoyles (Lair:5)
  A smoke demon (D:13)
  21 naga magi
  2 water nymphs (shapeshifter)
  15 spiny frogs
  2 centaur skeletons
  2 torpor snails
  5 rime drakes
  An ice devil (D:13)
  2 yaktaurs (shapeshifter)
  43 yaktaurs
  6 freezing wraiths
  9 komodo dragons
  2 kobold demonologists
  An efreet (D:14)
  3 tengu conjurers
  A troll (shapeshifter) (Depths:1)
  A jumping spider (Vaults:5)
  3 polar bears
  21 merfolk
  A merfolk (shapeshifter) (Depths:4)
  A tengu simulacrum (Depths:2)
  9 trolls
  25 slime creatures
  4 wind drakes
  7 hornets
  16 hippogriffs
  A snapping turtle (shapeshifter) (Vaults:3)
  9 dream sheep
  5 snapping turtles
  30 blink frogs
  2 hippogriffs (shapeshifter)
  3 redbacks
  3 shadows
  A vampire (D:15)
  5 spriggans
  A spriggan skeleton (Depths:2)
  A tarantella (Vaults:4)
  8 wraiths
  2 centaur simulacra (D:15)
  34 yaks
  2 humans (shapeshifter)
  A wyvern (D:14)
  A yak (shapeshifter) (Depths:3)
  5 basilisks
  3 fire elementals
  14 water elementals
  4 hogs (D:12)
  16 humans (D:13)
  2 hungry ghosts
  A yaktaur simulacrum (Vaults:3)
  A steam dragon (Lair:6)
  16 vampire mosquitoes
  47 nagas
  3 acid dragons
  A harpy simulacrum (D:15)
  A deep troll zombie (Vaults:4)
  2 soldier ants
  3 wargs
  A floating eye (shapeshifter) (Vaults:5)
  A floating eye (Depths:3)
  2 hell hounds
  8 porcupines
  14 water moccasins
  5 swamp drakes (Depths:5)
  6 ice beasts
  5 sky beasts
  2 black bears
  An eye of draining (shapeshifter) (Vaults:2)
  61 orc warriors
  42 ogres
  A black bear (shapeshifter) (Depths:1)
  20 wolves
  An ettin simulacrum (Vaults:4)
  2 hornet zombies
  An ogre (shapeshifter) (Depths:5)
  9 phantoms
  17 centaurs
  2 eyes of draining
  6 boggarts
  A necrophage (D:15)
  13 crocodiles
  8 big kobolds
  An elf zombie (Ossuary)
  16 bullfrogs
  A wyvern skeleton (D:12)
  3 scorpions
  5 killer bees (D:7)
  3 wights (D:9)
  An electric eel (Snake:1)
  8 howler monkeys
  13 crimson imps
  5 lava snakes (Lair:5)
  2 human simulacra
  A bullfrog zombie (D:13)
  4 hounds
  4 jellies
  Crazy Yiuf (D:6)
  19 orc wizards
  2 human zombies
  27 orc priests
  6 bullfrog skeletons
  Jessica (D:3)
  16 worker ants
  Terence (D:2)
  3 iguanas
  7 hell rats (Lair:6)
  A hound skeleton (D:5)
  3 mummies (Ossuary)
  A howler monkey zombie (D:6)
  19 adders
  8 gnolls
  A howler monkey skeleton (D:5)
  A river rat (D:3)
  2 shadow imps (D:10)
  4 white imps (D:13)
  An ufetubus (Depths:3)
  4 oozes (Sewer)
  An adder zombie (D:5)
  10 worms
  3 dart slugs
  4 leopard geckos
  94 orcs
  14 bats
  9 giant cockroaches
  12 goblins
  6 hobgoblins
  21 jackals
  4 quokkas
  6 ball pythons
  5 frilled lizards
  A goblin skeleton (D:4)
  6 goblin zombies
  4 hobgoblin zombies (Ossuary)
  17 kobolds
  2 kobold zombies (Ossuary)
  A leopard gecko skeleton (D:4)
  12 rats
  4 fungi
  22 plants
2086 creatures vanquished.

Vanquished Creatures (collateral kills)
  An ancient lich (Vaults:5)
  The ghost of Qeokh the Brawler, a veteran NaFi of Cheibriados (Depths:1)
  3 golden dragons
  Nikola (Shoals:4)
  2 tentacled monstrosities
  A quicksilver dragon (Depths:2)
  A titan (Vaults:5)
  A nagaraja (Snake:4)
  A shadow dragon (Vaults:5)
  2 fire giants
  A vault warden (Vaults:3)
  2 stone giants
  A spriggan defender (Depths:3)
  An ironheart preserver (Vaults:5)
  A green draconian (Zot:2)
  A yellow draconian (Zot:2)
  2 deep elf demonologists (Vaults:5)
  2 red draconians (Depths:5)
  2 spark wasps
  2 purple draconians (Zot:2)
  A white draconian (Zot:2)
  A deep elf death mage (Vaults:5)
  A fire dragon (Depths:1)
  2 merfolk javelineers (Shoals:4)
  A merfolk impaler (Shoals:2)
  A deep elf high priest (Vaults:5)
  A great orb of eyes (Vaults:5)
  A spriggan air mage (Depths:3)
  A naga warrior (Snake:4)
  2 merfolk avatars
  2 rakshasas (Depths:1)
  A centaur warrior (Depths:1)
  A satyr (Shoals:4)
  A deep troll earth mage (Depths:5)
  2 tengu warriors
  A spriggan berserker (Depths:2)
  A naga sharpshooter (Snake:4)
  3 deep trolls
  A flayed ghost (Depths:2)
  A glowing orange brain (Depths:1)
  An orc knight (Bailey)
  2 naga ritualists (Snake:4)
  An ironbrand convoker (Vaults:3)
  7 fauns
  An ugly thing (Vaults:4)
  A shining eye (shapeshifter) (Vaults:5)
  5 naga magi (Snake:4)
  3 elephants (Gauntlet)
  A water nymph (Shoals:4)
  3 yaktaurs
  A tengu conjurer (Gauntlet)
  2 polar bears (shapeshifter) (Depths:1)
  5 merfolk
  2 water elementals (Shoals:4)
  2 nagas (Snake:4)
  2 orc warriors (Bailey)
  A boggart (Depths:1)
  3 gnolls (Bailey)
  2 orcs (Bailey)
  2 goblins (Bailey)
  A hobgoblin (Bailey)
  A plant (Shoals:2)
104 creatures vanquished.

Vanquished Creatures (others)
  A very ugly thing (Vaults:5)
  2 yaktaur captains
  A hydra (D:15)
  A centaur warrior (Vaults:1)
  2 satyrs (Shoals:4)
  A merfolk aquamancer (Shoals:3)
  6 fauns
  A manticore (Shoals:4)
  A cyclops (Shoals:1)
  A naga mage (Snake:4)
  13 yaktaurs
  A water elemental (Shoals:4)
  An orc warrior (Vaults:4)
  2 ogres
  A centaur (Depths:1)
  A boggart (Vaults:1)
  An orc priest (Orc:2)
  3 orcs
  12 fungi
  57 plants
109 creatures vanquished.

Grand Total: 2299 creatures vanquished

Notes
Turn   | Place    | Note
-------+----------+-------------------------------------------
     0 | D:1      | Rpm the Minotaur Berserker began the quest for the Orb.
     0 | D:1      | Reached XP level 1. HP: 19/19 MP: 0/0
   140 | D:1      | Reached XP level 2. HP: 15/27 MP: 1/1
   653 | D:2      | Reached XP level 3. HP: 32/33 MP: 2/2
   664 | D:2      | Reached ** piety under Trog
  1049 | D:2      | Reached XP level 4. HP: 30/41 MP: 3/3
  1059 | D:2      | Reached skill level 5 in Fighting
  1059 | D:2      | Reached skill level 5 in Axes
  1424 | D:2      | Noticed Terence
  1436 | D:2      | Killed Terence
  1436 | D:2      | Reached XP level 5. HP: 19/48 MP: 4/4
  1880 | D:2      | Found a shimmering altar of Xom.
  2058 | D:3      | Noticed a black bear
  2068 | D:3      | Killed a black bear
  2068 | D:3      | Reached XP level 6. HP: 50/58 MP: 5/5
  2081 | D:3      | Reached *** piety under Trog
  2315 | D:3      | Found a faded altar of an unknown god.
  2623 | D:3      | Found a glowing drain.
  2663 | Sewer    | Entered a sewer
  2671 | Sewer    | Reached XP level 7. HP: 64/66 MP: 6/6
  3268 | Sewer    | Received a gift from Trog
  3614 | D:3      | Noticed Jessica
  3623 | D:3      | Killed Jessica
  3628 | D:3      | Found a shimmering blue altar of Sif Muna.
  3905 | D:4      | Found a runed translucent door.
  3905 | D:4      | Noticed a human
  3927 | D:4      | Reached **** piety under Trog
  3934 | D:4      | Found a basalt altar of Yredelemnul.
  4059 | D:4      | Found an ancient bone altar of Kikubaaqudgha.
  4202 | D:4      | Found an iron altar of Okawaru.
  4802 | D:5      | Entered Level 5 of the Dungeon
  4848 | D:5      | Found Dauwitie's Magic Scroll Shoppe.
  4869 | D:5      | Reached XP level 8. HP: 75/75 MP: 7/7
  4919 | D:5      | Bought a scroll of enchant armour for 90 gold pieces
  4919 | D:5      | Bought a scroll of identify for 24 gold pieces
  4919 | D:5      | Bought a scroll of magic mapping for 42 gold pieces
  4919 | D:5      | Bought a scroll of identify for 24 gold pieces
  4957 | D:5      | Found Giuts's Distillery.
  4999 | D:5      | Found a sand-covered staircase.
  5046 | Ossuary  | Entered an ossuary
  5806 | D:5      | Found a radiant altar of Vehumet.
  5861 | D:5      | Found Itzoq's Assorted Antiques.
  5893 | D:5      | Reached skill level 5 in Armour
  6364 | D:5      | Bought a potion of heal wounds for 60 gold pieces
  6692 | D:6      | Reached ***** piety under Trog
  6692 | D:6      | Reached XP level 9. HP: 80/84 MP: 8/8
  6944 | D:6      | Found a runed translucent door.
  6945 | D:6      | Noticed Crazy Yiuf
  6964 | D:6      | Killed Crazy Yiuf
  7130 | D:6      | Reached skill level 10 in Axes
  7259 | D:6      | Found a sparkling altar of Nemelex Xobeh.
  7354 | D:6      | Found a bloodstained altar of Trog.
  7382 | D:6      | Reached skill level 10 in Fighting
  7448 | D:6      | Noticed a troll
  7455 | D:6      | Killed a troll
  7775 | D:7      | Found a sacrificial altar of Ru.
  7949 | D:7      | Reached skill level 5 in Dodging
  8405 | D:7      | Found a staircase to the Ecumenical Temple.
  8650 | D:7      | Found Faopsyn's Weapon Shop.
  8970 | D:8      | Reached XP level 10. HP: 93/93 MP: 9/9
  9390 | D:8      | Received a gift from Trog
  9402 | D:8      | Reached skill level 10 in Armour
  9639 | D:8      | Found an ornate altar of the Wu Jian Council.
  9957 | D:9      | Found an opulent altar of Gozag.
 10031 | D:9      | Found a burning altar of Makhleb.
 10033 | D:9      | Found a staircase to the Orcish Mines.
 10168 | D:9      | Found a staircase to the Lair.
 10376 | D:10     | Entered Level 10 of the Dungeon
 10658 | D:10     | Killed an unseen horror
 11532 | D:11     | Found a gate leading to a gauntlet.
 11544 | Gauntlet | Entered a Gauntlet
 11544 | Gauntlet | Found a transporter.
 11544 | Gauntlet | Found a transporter.
 11558 | Gauntlet | Found a transporter.
 11567 | Gauntlet | Noticed a tengu warrior
 11568 | Gauntlet | Found a transporter.
 11590 | Gauntlet | Found a transporter.
 11599 | Gauntlet | Noticed a worldbinder
 11601 | Gauntlet | Found a transporter.
 11617 | Gauntlet | Found a transporter.
 11619 | Gauntlet | Noticed an elephant
 11619 | Gauntlet | Noticed an elephant
 11619 | Gauntlet | Noticed an elephant
 11620 | Gauntlet | Noticed an elephant
 11621 | Gauntlet | Noticed a torpor snail
 11623 | Gauntlet | Found a transporter.
 11637 | Gauntlet | Found a transporter.
 11637 | Gauntlet | Noticed a death drake
 11659 | Gauntlet | Found a transporter.
 11662 | Gauntlet | Found a transporter.
 11663 | Gauntlet | Noticed a wizard
 11666 | Gauntlet | Noticed a wizard
 11751 | Gauntlet | Found a transporter.
 12029 | Gauntlet | Killed a tengu warrior
 12029 | Gauntlet | Reached XP level 11. HP: 66/99 MP: 3/10
 12283 | Gauntlet | Reached skill level 10 in Dodging
 12418 | Gauntlet | Identified the +2 morningstar of the Rat {crush, +Blink
                  | +Inv Int+4 Stlth-}
 12418 | Gauntlet | Noticed a minotaur
 12434 | Gauntlet | Killed a minotaur
 12669 | D:11     | Identified a scroll of acquirement
 12673 | D:11     | Got an ichor-stained triple crossbow
 12710 | D:11     | Noticed an unseen horror
 12722 | D:11     | Killed an unseen horror
 13031 | D:11     | Identified the +9 triple crossbow "Radun" {venom, *Slow
                  | +Blink MR+ Dex+6} (You acquired it on level 11 of the
                  | Dungeon)
 13060 | D:11     | You fall into a shaft and drop 2 floors!
 13454 | D:13     | Noticed a centaur warrior
 13464 | D:13     | Killed a centaur warrior
 13731 | D:13     | Noticed a deep elf mage
 13748 | D:13     | Killed a deep elf mage
 13748 | D:13     | Reached XP level 12. HP: 95/111 MP: 3/11
 14296 | D:13     | Noticed a death knight
 14328 | D:13     | Killed a death knight
 14599 | D:13     | Noticed a centaur warrior
 14613 | D:13     | Killed a centaur warrior
 14826 | D:13     | Noticed a centaur warrior
 14832 | D:13     | Killed a centaur warrior
 15060 | D:12     | Noticed an eight-headed hydra
 15125 | D:12     | Noticed Kirke
 15127 | D:12     | Received a gift from Trog
 15138 | D:12     | Killed Kirke
 15353 | Lair:1   | Entered Level 1 of the Lair of Beasts
 16415 | Lair:1   | You fall into a shaft and drop 1 floor!
 16430 | Lair:2   | Reached XP level 13. HP: 89/124 MP: 4/12
 17878 | Lair:3   | Received a gift from Trog
 18001 | Lair:3   | Reached skill level 15 in Fighting
 18010 | Lair:3   | Reached skill level 15 in Axes
 19065 | Lair:4   | Found a staircase to the Snake Pit.
 19560 | Lair:4   | Found a staircase to the Shoals.
 20055 | Orc:1    | Entered Level 1 of the Orcish Mines
 20242 | Orc:2    | Entered Level 2 of the Orcish Mines
 20262 | Orc:2    | Paralysed by an orc sorcerer for 3 turns
 20539 | Orc:2    | Received a gift from Trog
 20563 | Orc:2    | Found a staircase to the Elven Halls.
 21236 | Orc:2    | Reached XP level 14. HP: 102/135 MP: 4/13
 21818 | Orc:2    | Found a roughly hewn altar of Beogh.
 22368 | Orc:2    | Received a gift from Trog
 22922 | Orc:2    | Found Otwumn's General Store.
 22922 | Orc:2    | Found Zol Mano's Distillery.
 22923 | Orc:2    | Found Laisy's Book Shoppe.
 22923 | Orc:2    | Found Eveink's Assorted Antiques.
 24440 | D:14     | Found a gate to the Vaults.
 24440 | D:14     | Noticed Rupert
 24442 | D:14     | Paralysed by Rupert for 3 turns
 24607 | D:13     | Killed Rupert
 24761 | D:13     | Received a gift from Trog
 25031 | D:14     | Found a flagged portal.
 25043 | Bailey   | Entered a bailey
 25548 | D:14     | Found a large runed translucent door.
 25548 | D:14     | Found a large runed translucent door.
 26243 | D:15     | Entered Level 15 of the Dungeon
 26515 | D:15     | Noticed Azrael
 26805 | D:15     | Killed Azrael
 26805 | D:15     | Reached XP level 15. HP: 91/147 MP: 4/14
 27002 | D:15     | Found the +15 Maxwell's patent armour {-Cast -Tele rElec
                  | MR+ rCorr}
 27085 | D:15     | Noticed Josephine
 27231 | D:15     | Killed Josephine
 27344 | D:15     | Received a gift from Trog
 27376 | D:15     | Reached ****** piety under Trog
 27522 | D:15     | Found a staircase to the Depths.
 27566 | D:15     | Noticed a shadow dragon
 27582 | D:15     | Killed a shadow dragon
 28402 | D:15     | Noticed a tengu reaver
 28422 | D:15     | Killed a tengu reaver
 28765 | Orc:2    | Bought a scroll of acquirement for 1612 gold pieces
 28768 | Orc:2    | Got a shimmering battleaxe
 28769 | Orc:2    | Identified the +4 battleaxe "Goblinslayer" {drain, rElec
                  | Str+2} (You acquired it on level 2 of the Orcish Mines)
 28782 | Orc:2    | Bought a scroll of identify for 62 gold pieces
 28788 | Orc:2    | Bought a scroll of identify for 24 gold pieces
 29228 | Snake:1  | Entered Level 1 of the Snake Pit
 29445 | Snake:1  | Found Xede's Jewellery Boutique.
 29445 | Snake:1  | Found Daitt's Gadget Shoppe.
 29446 | Snake:1  | Found Abyoxt's Gadget Shoppe.
 29567 | Snake:1  | Noticed Donald
 29584 | Snake:1  | Killed Donald
 30170 | Snake:1  | Reached skill level 1 in Shields
 30197 | Snake:2  | Noticed Vashnia
 30225 | Snake:2  | Killed Vashnia
 30225 | Snake:2  | Received a gift from Trog
 30225 | Snake:2  | Reached XP level 16. HP: 136/165 MP: 15/15
 30310 | Snake:2  | Reached skill level 5 in Shields
 31092 | Snake:3  | Received a gift from Trog
 31619 | Snake:3  | Reached skill level 10 in Shields
 32124 | Snake:4  | Entered Level 4 of the Snake Pit
 32250 | Snake:4  | Received a gift from Trog
 32580 | Snake:4  | Reached XP level 17. HP: 162/176 MP: 16/16
 33520 | Snake:4  | Received a gift from Trog
 33586 | Snake:4  | Got a serpentine rune of Zot
 34138 | Shoals:1 | Entered Level 1 of the Shoals
 35191 | Shoals:2 | Received a gift from Trog
 36245 | Shoals:3 | Reached skill level 15 in Shields
 36636 | Shoals:3 | Found Orimoguo's General Store.
 36699 | Shoals:3 | Bought a ration for 95 gold pieces
 36699 | Shoals:3 | Bought a scroll of magic mapping for 66 gold pieces
 36699 | Shoals:3 | Bought a potion of curing for 57 gold pieces
 37239 | Shoals:4 | Entered Level 4 of the Shoals
 37281 | Shoals:4 | Reached XP level 18. HP: 188/188 MP: 17/17
 37440 | Shoals:4 | Received a gift from Trog
 37468 | Shoals:4 | Identified the +2 pair of gloves of Hedging {Int+4}
 37468 | Shoals:4 | Noticed Nikola
 37509 | Shoals:4 | Killed Nikola
 37805 | Shoals:4 | Reached skill level 15 in Armour
 37884 | Shoals:4 | Received a gift from Trog
 38624 | Shoals:4 | Got a barnacled rune of Zot
 39099 | Lair:5   | Found a staircase to the Slime Pits.
 39100 | Lair:5   | Found a viscous altar of Jiyva.
 39227 | Lair:5   | You fall into a shaft and drop 1 floor!
 39227 | Lair:6   | Entered Level 6 of the Lair of Beasts
 39905 | Lair:6   | Found a shadowy altar of Dithmenos.
 40361 | Lair:5   | Received a gift from Trog
 41643 | Lair:6   | Got a spiked hat
 41649 | Lair:6   | Identified the +1 hat of Defiance {rC+ MR++} (You acquired
                  | it on level 6 of the Lair of Beasts)
 41875 | Vaults:1 | Entered Level 1 of the Vaults
 41939 | Vaults:1 | Reached XP level 19. HP: 195/195 MP: 18/18
 42207 | Vaults:1 | Got a warped turquoise ring
 42370 | Vaults:1 | Found a roughly hewn altar of Beogh.
 42481 | Vaults:1 | Received a gift from Trog
 42855 | Vaults:1 | Found Iropsubo's General Store.
 42938 | Vaults:1 | Bought a scroll of acquirement for 676 gold pieces
 42938 | Vaults:1 | Bought a scroll of identify for 26 gold pieces
 42938 | Vaults:1 | Bought a ration for 65 gold pieces
 42939 | Vaults:1 | Got a pair of faintly humming gloves
 42950 | Vaults:1 | Identified the -1 pair of gloves of Recklessness {-Cast
                  | MP+9 Int-2 Stlth+} (You acquired it on level 1 of the
                  | Vaults)
 42950 | Vaults:1 | Identified the ring "Dekypyck" {rElec rN+ Int+3} (You found
                  | it on level 1 of the Vaults)
 43190 | Vaults:1 | Found Zicitoup's Gadget Shoppe.
 43198 | Vaults:1 | Bought a sack of spiders for 280 gold pieces
 43316 | Vaults:1 | Received a gift from Trog
 44660 | Vaults:2 | Found a staircase to the Crypt.
 45335 | Vaults:2 | Received a gift from Trog
 45782 | Vaults:2 | Reached XP level 20. HP: 204/204 MP: 11/19
 47031 | Vaults:3 | Received a gift from Trog
 47146 | Vaults:3 | Reached skill level 15 in Dodging
 48039 | Vaults:4 | Received a gift from Trog
 48393 | Vaults:4 | Identified the +9 shortbow of Unluumeu {speed, -Tele rC+
                  | rN+++ Str+2}
 49270 | Vaults:4 | Reached XP level 21. HP: 211/211 MP: 20/20
 50159 | Vaults:4 | Received a gift from Trog
 50580 | Vaults:4 | Identified a +1 pair of boots of running (You acquired it
                  | on level 4 of the Vaults)
 50721 | Vaults:5 | Entered Level 5 of the Vaults
 50858 | Vaults:4 | Received a gift from Trog
 50945 | Vaults:5 | Noticed an ancient lich
 50968 | Vaults:4 | Killed an ancient lich
 51125 | Vaults:5 | Noticed a golden dragon
 51130 | Vaults:5 | Noticed an ancient lich
 51134 | Vaults:5 | Gained mutation: You have sharp fingernails. [a shining
                  | eye]
 51147 | Vaults:5 | Killed a golden dragon
 51152 | Vaults:5 | Killed an ancient lich
 51259 | Vaults:5 | Reached XP level 22. HP: 220/220 MP: 21/21
 51506 | Vaults:5 | Received a gift from Trog
 51715 | Vaults:5 | Noticed an ancient lich
 51740 | Vaults:5 | Killed an ancient lich
 52026 | Vaults:5 | Found the +10 dark maul {crush}
 52027 | Vaults:5 | Noticed an ancient lich
 52028 | Vaults:5 | Noticed a golden dragon
 52035 | Vaults:5 | Killed a golden dragon
 52043 | Vaults:5 | Killed an ancient lich
 52069 | Vaults:5 | Identified the Grimoire of Burning Snow
 52210 | Vaults:5 | Got a pair of fine gloves
 52216 | Vaults:5 | Identified the cursed -5 pair of gloves "Burphis" {MR++
                  | MP+9 Int-4 Slay+2} (You found it on level 5 of the Vaults)
 52500 | Vaults:5 | Received a gift from Trog
 52541 | Vaults:5 | Noticed a golden dragon
 52554 | Vaults:5 | Killed a golden dragon
 52785 | Vaults:5 | Got a silver rune of Zot
 52862 | Vaults:5 | Reached skill level 27 in Armour
 53545 | Depths:1 | Entered Level 1 of the Depths
 53655 | Depths:1 | Found a gateway to a ziggurat.
 53827 | Depths:1 | Reached XP level 23. HP: 161/227 MP: 22/22
 53920 | Depths:1 | Received a gift from Trog
 53972 | Depths:1 | Found a one-way gate leading to the halls of Pandemonium.
 54136 | Depths:1 | Found a runed translucent gate.
 54136 | Depths:1 | Found a runed translucent gate.
 54137 | Depths:1 | Found a runed translucent gate.
 54143 | Depths:1 | Noticed Qeokh's ghost (veteran NaFi)
 54190 | Depths:1 | Killed Qeokh's ghost
 54233 | Depths:1 | Got a pair of smoking boots
 54234 | Depths:1 | Identified the +1 pair of boots of the Original Sin {rPois
                  | rN+} (You found it on level 1 of the Depths)
 54309 | Depths:1 | Found a gateway to Hell.
 54912 | Depths:2 | Identified the Volume of Earthen Lightness
 55001 | Depths:2 | Received a gift from Trog
 55005 | Depths:2 | Got a twisted battleaxe {god gift}
 55011 | Depths:2 | Identified the +2 battleaxe of Dawn {chop, rElec Str+4}
                  | (Trog gifted it to you on level 2 of the Depths)
 55471 | Depths:2 | Found a one-way gate to the infinite horrors of the Abyss.
 55824 | Depths:3 | Noticed a caustic shrike
 55833 | Depths:3 | Noticed a caustic shrike
 55836 | Depths:3 | Noticed a caustic shrike
 55837 | Depths:3 | Noticed a caustic shrike
 55840 | Depths:3 | Killed a caustic shrike
 55851 | Depths:3 | Killed a caustic shrike
 55858 | Depths:3 | Killed a caustic shrike
 55860 | Depths:3 | Killed a caustic shrike
 55904 | Depths:3 | Received a gift from Trog
 56196 | Depths:3 | Reached XP level 24. HP: 193/243 MP: 22/22
 56278 | Depths:3 | Paralysed by a floating eye for 3 turns
 56384 | Depths:3 | Paralysed by a floating eye for 3 turns
 56413 | Depths:3 | Paralysed by a floating eye for 4 turns
 56421 | Depths:3 | Paralysed by a floating eye for 3 turns
 56439 | Depths:3 | Received a gift from Trog
 56451 | Depths:3 | Got a pitted war axe {god gift}
 56452 | Depths:3 | Identified the +9 war axe "Wuaxonoo" {chop, Int+3} (Trog
                  | gifted it to you on level 3 of the Depths)
 56764 | Depths:3 | Found the +0 mask of the Dragon {MR+ Slay+3 SInv}
 57344 | Depths:4 | Noticed Frederick
 57363 | Depths:4 | Killed Frederick
 57497 | Depths:4 | Reached skill level 27 in Fighting
 57605 | Depths:4 | Found a runed translucent door.
 57608 | Depths:4 | Noticed Atelerd's ghost (veteran OpWz)
 57800 | Depths:4 | Noticed Margery
 57806 | Depths:4 | Killed Margery
 58607 | Depths:5 | Entered Level 5 of the Depths
 59061 | Depths:5 | Noticed Jory
 59075 | Depths:5 | Killed Jory
 59147 | Depths:5 | Received a gift from Trog
 59968 | Depths:5 | Reached XP level 25. HP: 246/253 MP: 22/22
 60917 | Depths:5 | Found a gate to the Realm of Zot.
 60923 | Depths:5 | Identified the Handbook of Shifting Snow
 61117 | Zot:1    | Entered Level 1 of the Realm of Zot
 61266 | Zot:1    | Noticed an orb of fire
 61282 | Zot:1    | Killed an orb of fire
 61553 | Zot:1    | Received a gift from Trog
 61832 | Zot:1    | Noticed an orb of fire
 61837 | Zot:1    | Gained mutation: You are dopey. (Int -2) [an orb of fire]
 61842 | Zot:1    | Gained mutation: Armour fits poorly on your strangely
                  | shaped body. [an orb of fire]
 61853 | Zot:1    | Gained mutation: You occasionally shout uncontrollably at
                  | your foes. [an orb of fire]
 61863 | Zot:1    | Killed an orb of fire
 62481 | Zot:3    | HP: 18/385 [green draconian stormcaller/divine providence
                  | (8)]
 62483 | Zot:3    | Killed from afar by a black draconian stormcaller

Levels and vault maps discovered:
D:1:      dpeg_arrival_orchard, layout_loops_cross, minmay_hexomino_c4
D:2:      layout_basic, xom_teletrap_fun, first_ration, uniq_terence
D:3:      layout_loops_ring, portal_sewer_entry_b,
          chequers_ecumenical_altar_simple_redux, tgw_sif
D:4:      layout_cave_pods, kiku_gazebo_garden_becter, okawaru_trees_1,
          dk_yredelemnul_ordeal
D:5:      layout_gridville, vehumet_crystals, enter_ossuary_1, serial_shops,
          nicolae_shop_statue_plus, shop_statue, shop
D:6:      minmay_angry_zag, layout_loops_cross, overflow_temple_1_default,
          minmay_misc_feat_tiny, nemelex_lonely_heart_becter,
          uniq_crazy_yiuf_cottage
D:7:      layout_layer_cave, nicolae_ru_awakened_eye,
          minmay_temple_entry_large_hall, serial_shops,
          nicolae_shop_behind_doors
D:8:      layout_gridville, kennysheep_mini_moat
D:9:      layout_cave_pools, bloody_makhleb, lemuel_crystal_altar,
          lair_entry_dummy, orc_0_dummy
D:10:     minmay_weird_star, layout_basic
D:11:     layout_grid_maze, gauntlet_entry_generic
D:12:     layout_gridville, uniq_kirke
D:13:     layout_roguey, blue_anna_alchemist [blue_anna_fruit_fields,
          blue_anna_fruit_fields], minmay_fire_ice_demons
D:14:     doesnt_quadruple_sword, layout_loops_corners, david_vaults_3,
          enter_bailey_3
D:15:     grunt_enter_depths_magical_seal, layout_long_grid, chequers_garden,
          hangedman_decor_riveting, small_statue_intersection,
          minmay_checkered_concentric_circles, uniq_josephine, uniq_azrael
Lair:1:   layout_long_grid, minivault_23
Lair:2:   layout_concentric_octagons
Lair:3:   wad_woods_structure_01, layout_chaotic_city
Lair:4:   layout_roguey, minmay_shoals_entry_lonely_mermaid,
          minmay_snake_entry_guardpost_medium, hangedman_lair_unloving_vines
Lair:5:   cheibrodos_magma_flow, layout_long_grid, slime_altar_1,
          nzn_random_ring
Lair:6:   evilmike_catoblepas_cave, layout_concentric_octagons, basic_altar,
          st_stairs_9, guppyfry_lair_drakes
Shoals:1: layout_shoals
Shoals:2: layout_shoals
Shoals:3: layout_shoals, serial_shops, nicolae_shop_waterfront,
          nicolae_shoals_isolated_beach
Shoals:4: shoals_end_grunt_garden, layout_shoals, nicolae_shoals_water_shrine,
          uniq_nikola
Snake:1:  layout_misc_corridors, minmay_shop_grove, serial_bayou_shore_a,
          uniq_donald
Snake:2:  layout_onion_interference, uniq_vashnia
Snake:3:  layout_honeycomb
Snake:4:  snake_pit, layout_chambers, special_room, grunt_megastairs_2
Orc:1:    layout_caves
Orc:2:    st_orc_pillars, layout_diamond_mine, basic_altar, special_room
Vaults:1: hangedman_vaults_restitches, nicolae_vaults_theta, grunt_vaults_swirl,
          nicolae_vaults_circle_grid_b, vaults_dpeg_ring, special_room_vaults
          [special_room_orc], layout_vaults_quadrants, serial_shops,
          nicolae_shop_crystal, shop
Vaults:2: nicolae_vaults_little_squares_1, minmay_crypt_entry_simple_statues,
          ontoclasm_vaults_ring_large, nicolae_vaults_little_ls,
          vaults_room_door_hall, v_misc_23, hangedman_vaults_trim,
          ontoclasm_vaults_loading_screen, nicolae_vaults_triangles,
          hangedman_vaults_slice, layout_vaults_ring
Vaults:3: hangedman_vaults_snaps, nicolae_vaults_murderbox, v_alt_pattern_4,
          v_misc_26, vaults_room_pools, nicolae_vaults_angled_halls,
          vaults_standard_mumra_lines, vaults_room_octagon, v_misc_12,
          v_misc_15, v_misc_15, hangedman_vaults_locks, vaults_mumra_chevron,
          nicolae_vaults_border_crossing, serial_ice_g, vaults_room_hallway,
          v_misc_8, layout_vaults_maze_bifur
Vaults:4: nicolae_vaults_twisting_passages, nicolae_vaults_specimen_jars,
          nicolae_vaults_little_squares_2, vaults_room_fours,
          nicolae_vaults_arrows, nicolae_vaults_rhombus_7, v_pattern_5,
          vaults_mumra_minichess_inversion, v_alt_pattern_2,
          ontoclasm_vaults_twist, layout_vaults_chaotic_city
Vaults:5
Depths:1: layout_cave_pools, enter_ziggurat_e, pf_vacation_house_of_asmodeus,
          gammafunk_ghost_tricky_traps, pan_entry,
          hangedman_abyss_or_decor_lesser_grid, statue_in_the_mist_lemuel,
          hangedman_abyss_or_decor_clamps
Depths:2: minmay_the_grid_octo_2x2 [minmay_the_grid_octo_chip,
          minmay_the_grid_octo_77, minmay_the_grid_octo_teeth,
          minmay_the_grid_octo_prize_square_snowflake], layout_basic,
          grunt_hell_entry_dis_grunt, nrook_uturn, abyss_entry,
          minmay_shattered_shrine
Depths:3: grunt_crosshair, layout_cave_shapes, grunt_pan_entry_in_and_out,
          abyss_entry, hell_entry, serial_bayou_shore_b,
          infiniplex_staircase_squiggle, serial_bayou_shore_b
Depths:4: minmay_bubble_buster, layout_basic, hex_tiny, pf_coc_iceberg,
          abyss_entry_crystal, gammafunk_ghost_grave,
          infiniplex_staircase_zigzag_3, uniq_margery, uniq_frederick
Depths:5: lemuel_castle_with_subvaults [lemuel_castle_interior_carwin_3],
          layout_gridlike, grunt_metal_band, nrook_mini_backslash, uniq_jory
Zot:1:    layout_onion
Zot:2:    kennysheep_room_grid, layout_gridlike
Zot:3:    layout_gridlike, gammafunk_ghost_crypt

Skill      XL: |  1  2  3  4  5  6  7  8  9 10 11 12 13 14 15 16 17 18 19 20 21 22 23 24 25 |
---------------+----------------------------------------------------------------------------+-----
Fighting       | 4 5 6 7 8 9 10 11 14 15 17 20 21 23 25 27 | 27.0
Axes           | 4 5 6 7 8 9 10 11 14 17 19 | 19.5
Armour         | 7 9 12 18 19 21 24 27 | 27.0
Dodging        | 6 9 10 13 16 | 16.0
Shields        | 4 12 15 16 19 21 24 | 24.2

Action                   |  1- 3 |  4- 6 |  7- 9 | 10-12 | 13-15 | 16-18 | 19-21 | 22-24 | 25-27 || total
-------------------------+-------+-------+-------+-------+-------+-------+-------+-------+-------++-------
Melee: Hand axe          |    94 |   119 |   124 |       |       |       |       |       |       ||   337
       Headbutt          |    17 |    22 |    85 |   124 |   207 |   306 |   325 |   441 |    86 ||  1613
       War axe           |       |       |   276 |    35 |       |       |       |       |       ||   311
       Battleaxe         |       |       |       |   447 |   149 |   188 |    39 |       |       ||   823
       Broad axe         |       |       |       |       |   546 |  1041 |  1148 |  1382 |   287 ||  4404
       Executioner's axe |       |       |       |       |   200 |       |       |       |       ||   200
       Scimitar          |       |       |       |       |     8 |       |       |       |       ||     8
Throw: Boomerang         |       |       |     4 |     4 |       |       |       |       |       ||     8
       Javelin           |       |       |       |       |    17 |    36 |     1 |     2 |       ||    56
Invok: Berserk           |       |     3 |     1 |     2 |     4 |       |       |       |     1 ||    11
       Brothers in Arms  |       |       |       |     4 |     2 |     7 |     7 |    16 |     8 ||    44
Evoke: Wand              |       |       |       |     3 |    15 |     6 |       |     6 |       ||    30
  Use: Scroll            |       |     3 |    13 |     9 |    24 |    18 |     7 |    14 |     1 ||    89
       Potion            |       |       |       |     2 |    10 |    10 |    10 |     8 |     1 ||    41
 Stab: Sleeping          |     2 |       |       |       |       |       |       |       |       ||     2
       Confused          |       |       |       |     1 |       |       |       |     2 |       ||     3
       Invisible         |       |       |       |       |     1 |       |       |       |       ||     1
       Distracted        |       |       |       |       |       |     1 |       |     5 |       ||     6
  Eat: Ration            |     1 |       |     2 |     7 |    11 |     8 |     3 |     3 |     3 ||    38
       Chunk             |       |     5 |    15 |     9 |    10 |    16 |    21 |    22 |     1 ||    99
Armor: Animal skin       |    14 |     6 |       |       |       |       |       |       |       ||    20
       Ring mail         |       |    55 |   183 |   199 |       |       |       |       |       ||   437
       Scale mail        |       |       |       |   141 |   350 |       |       |       |       ||   491
       Plate armour      |       |       |       |       |   388 |   585 |   336 |   500 |    96 ||  1905
       Skin              |       |       |       |       |    12 |       |     6 |       |       ||    18
Dodge: Dodged            |    71 |    68 |   232 |   432 |   974 |   749 |   646 |   690 |   114 ||  3976
       Deflected         |       |       |       |     9 |   134 |   131 |    60 |    43 |     9 ||   386
Block: Shield            |       |       |       |       |    38 |   852 |   858 |  1193 |   238 ||  3179
       Reflection        |       |       |       |       |     8 |   147 |    88 |    88 |     4 ||   335
       Rpst.: Scimitar   |       |       |       |       |     1 |       |       |       |       ||     1
